 Dungeon Crawl Stone Soup version 0.25-a0-1113-g0499d652a8 (webtiles) character file.

Game seed: 16901446466363218172, levelgen mode: deterministic

207 MisterFreud the Slasher (level 5, -2/37 HPs)
             Began as an Octopode Gladiator on May 16, 2020.
             Killed from afar by Ijyb (22 damage)
             ... with an iceblast
             ... on level 3 of the Dungeon.
             The game lasted 00:02:46 (2257 turns).

MisterFreud the Slasher (Octopode Gladiator)        Turns: 2257, Time: 00:02:49

Health: -2/37      AC:  5    Str: 13    XL:     5   Next: 85%
Magic:  5/5        EV: 18    Int: 11    God:
Gold:   113        SH:  0    Dex: 14    Spells: 4/4 levels left

rFire    . . .     SeeInvis .   a - +0 long sword
rCold    . . .     Gourm    .   (no shield)
rNeg     . . .     Faith    .   b - +0 hat
rPois    .         Spirit   .   (no amulet)
rElec    .         Reflect  .   f - +4 ring of evasion
rCorr    .         Harm     .   o - +4 ring of protection
MR       .....                  (no ring)
Stlth    ++........             (no ring)
HPRegen  0.12/turn              (no ring)
MPRegen  0.09/turn              (no ring)
                                (no ring)
                                (no ring)

@: no status effects
A: almost no armour, stealthy swim, amphibious, 8 rings, constrict 8, camouflage
1, gelatinous body 1
a: no special abilities


You were on level 3 of the Dungeon.
You were not hungry.

You visited 1 branch of the dungeon, and saw 3 of its levels.

You collected 113 gold pieces.

Inventory:

Hand Weapons
 a - a +0 long sword (weapon)
Missiles
 c - 3 throwing nets (quivered)
Armour
 b - a +0 hat (worn)
Jewellery
 f - a +4 ring of evasion (left tentacle)
 o - a +4 ring of protection (right tentacle)
Scrolls
 e - 4 scrolls of teleportation {unknown}
 i - a scroll of enchant armour {unknown}
 k - 3 scrolls of identify {unknown}
 n - 2 scrolls of enchant weapon {unknown}
 p - 3 scrolls of remove curse {unknown}
 q - 3 scrolls of random uselessness {unknown}
Potions
 g - a potion of curing {unknown}
 h - 2 potions of brilliance {unknown}
 j - a potion of cancellation {unknown}
 l - a potion of haste {unknown}
 m - a potion of flight {unknown}
 r - a potion of mutation {unknown}
 s - 2 potions of degeneration {unknown}
Comestibles
 d - 6 rations


   Skills:
 - Level 4.0 Fighting
 + Level 5.2 Long Blades
 - Level 2.0 Throwing
 - Level 3.0 Dodging


You had 4 spell levels left.
You didn't know any spells.
Your spell library was empty.

Dungeon Overview and Level Annotations

Branches:
Dungeon (3/15)

Altars:

Annotations:
D:3 Ijyb


Innate Abilities, Weirdness & Mutations

You cannot wear most types of armour.
You are very stealthy in the water. (Stealth+)
You are amphibious.
You can wear up to eight rings at the same time.
You can use your tentacles to constrict eight enemies at once.
Your skin changes colour to match your surroundings (Stealth+).
Your rubbery body absorbs attacks. (AC +1, EV +1)


Message History

an orc skeleton You see here a +1 short sword of freezing.
g - a green potion
Found a glowing dagger.
You see here a glowing dagger.
h - 2 fizzy dark potions (gained 1)
An orc comes into view. It is wielding a +0 flail.
The orc shouts!
Ijyb the Twisted Goblin comes into view.
She is carrying a wand of iceblast (6).
Ijyb shouts!
Ijyb zaps a wand.
The mass of ice explodes!
The iceblast engulfs you!
You hit the orc but do no damage. Your grab misses the orc. The orc misses you.
You hit the orc. You grab the orc.
The orc is heavily wounded.
You constrict the orc.
Ijyb zaps a wand.
The mass of ice explodes!
The iceblast engulfs the orc!
The orc dies!
The iceblast engulfs you!!
Ouch! That really hurt!
You die...

#. #.. .#..# ###
..... ..# #..g. #.#
#....############.#
##....)@.........#.#
...........#####)#.#
###.#.####.# #.#.# #
#.####.#####.#.### #
..#.#.........# #
#.#.#.#######.#
#.####.#.#..## #.#


#.PPPPPPPPP.PPP# #.# ###.P.P.).......P# #.# You could see Ijyb.

Vanquished Creatures
  An orc priest (D:3)
  2 orc wizards
  3 adders
  4 dart slugs
  A leopard gecko (D:2)
  9 orcs (D:3)
  2 giant cockroaches
  13 goblins
  7 hobgoblins
  2 jackals (D:1)
  2 quokkas
  5 bats
  3 frilled lizards
  8 kobolds
  12 rats
74 creatures vanquished.

Vanquished Creatures (others)
  An orc (D:3)
  A bush (D:3)
2 creatures vanquished.

Grand Total: 76 creatures vanquished

Notes
Turn   | Place    | Note
-------+----------+-------------------------------------------
     0 | D:1      | MisterFreud the Octopode Gladiator began the quest for the
                  | Orb.
     0 | D:1      | Reached XP level 1. HP: 14/14 MP: 1/1
    98 | D:1      | Reached XP level 2. HP: 20/20 MP: 2/2
   601 | D:1      | Reached XP level 3. HP: 26/26 MP: 3/3
  1105 | D:2      | Reached XP level 4. HP: 33/33 MP: 4/4
  1656 | D:3      | Reached skill level 4 in Long Blades
  1668 | D:3      | Reached XP level 5. HP: 28/37 MP: 5/5
  1916 | D:3      | Reached skill level 5 in Long Blades
  2253 | D:3      | Noticed Ijyb
  2257 | D:3      | Killed from afar by Ijyb

Illustrated notes

Levels and vault maps discovered:
D:1:      nicolae_arrival_washed_ashore, layout_rooms
D:2:      lemuel_upstairs_altar, layout_basic
D:3:      layout_loops_ring, lemuel_round_altar, first_ration,
          minmay_hedge_maze, uniq_ijyb

Skill      XL: |  1  2  3  4  5 |
---------------+----------------+-----
Fighting       | 3 4 |  4.0
Long Blades    | 4 5 |  5.2
Throwing       | |  2.0
Dodging        | |  3.0

Action                   |  1- 3 |  4- 6 || total
-------------------------+-------+-------++-------
Melee: Long sword        |    60 |    72 ||   132
       Constrict         |    18 |    22 ||    40
       Tentacles         |    12 |    12 ||    24
 Stab: Sleeping          |     6 |     2 ||     8
  Eat: Chunk             |     1 |     3 ||     4
Armor: Skin              |     2 |     8 ||    10
Dodge: Dodged            |    46 |    44 ||    90
       Rpst.: Long sword |    14 |    14 ||    28

Table legend:
 A = Non-vault XP
 B = Vault XP
 C = Vault XP percentage of total XP
 D = Non-vault monster count
 E = Vault monster count
 F = Vault count percentage of total count
                 A         B        C        D         E       F
            +---------+---------+-------+---------+---------+-------
      Total |     297 |       0 |   0.0 |      75 |       0 |   0.0
            +---------+---------+-------+---------+---------+-------
        D:1 |      45 |       0 |   0.0 |      24 |       0 |   0.0
        D:2 |      83 |       0 |   0.0 |      19 |       0 |   0.0
        D:3 |     169 |       0 |   0.0 |      32 |       0 |   0.0
            +---------+---------+-------+---------+---------+-------
